 Dungeon Crawl Stone Soup version 0.18-a0-1481-g708b138 (webtiles) character file.

3 Duffy the Conjurer (level 1, -1/7 HPs)
             Began as a Felid Conjurer on Mar 2, 2016.
             Slain by a kobold
             ... wielding a cursed +0 whip
              (6 damage)
             ... on level 1 of the Dungeon.
             The game lasted 00:00:22 (122 turns).

Duffy the Conjurer (Felid Conjurer)                  Turns: 122, Time: 00:00:22

Health: -1/7       AC:  1    Str:  4    XL:     1   Next: 41%
Magic:  0/4        EV: 18    Int: 16    God:
Gold:   0          SH:  0    Dex: 16    Spells: 1 memorised, 3 levels left
                                        Lives:  0   Deaths: 0

rFire  . . .     SeeInvis +     (weapon unavailable)
rCold  . . .     Gourm    .     (armour unavailable)
rNeg   . . .     Faith    .     (shield unavailable)
rPois  .         Spirit   .     (helmet unavailable)
rElec  .         Dismiss  .     (cloak unavailable)
rCorr  .         Reflect  .     (gloves unavailable)
SustAt .         Harm     .     (boots unavailable)
MR     .....                    (no amulet)
Stlth  +++.......               (no ring)
                                (no ring)

@: quick, not resistant to hostile enchantments, fairly stealthy
A: no armour, no weapons or thrown items, claws 1, fangs 3, see invisible,
carnivore 3, speed 1, shaggy fur 1, slow metabolism 1, sharp paws
a: no special abilities


You were on level 1 of the Dungeon.
You were not hungry.

You visited 1 branch of the dungeon, and saw 1 of its levels.


Innate Abilities, Weirdness & Mutations

You cannot wear armour.
You are incapable of wielding weapons or throwing items.
You have sharp claws.
You have razor-sharp teeth.
You have supernaturally acute eyesight.
You are carnivorous and can eat meat at any time.
You cover ground quickly.
You are covered in fur (AC +1).
You have a slow metabolism.
Your sharp claws are effective at attacking unaware monsters.


   Skills:
 - Level 2.6 Dodging
 - Level 2.6 Stealth
 + Level 2.0 Spellcasting
 * Level 3.7 Conjurations


You had 3 spell levels left.
You knew the following spells:

 Your Spells              Type           Power        Failure   Level  Hunger
a - Magic Dart            Conj           ##..         6%          1    #......

Inventory:

Books
 a - a book of Conjurations
Comestibles
 b - a meat ration

Dungeon Overview and Level Annotations

Branches:
Dungeon (1/15)

Altars:


Message History

Press: ? - help, Shift-Dir - straight line, f/p - goblin
Aim: a goblin, wielding a club (severely wounded)
The magic dart hits the goblin.
You kill the goblin!
The kobold throws a stone.
The stone barely misses you.
Cast which spell? (? or * to list)
Aiming: Magic Dart
Press: ? - help, Shift-Dir - straight line, f - kobold
Aim: a kobold, wielding a short sword The magic dart hits the kobold.
The kobold is severely wounded.
Cast which spell? (? or * to list)
You don't have enough magic to cast that spell.
Cast which spell? (? or * to list)
You don't have enough magic to cast that spell.
A kobold comes into view. It is wielding a whip.
Found a fuming green potion.
A kobold comes into view. It is wielding a short sword.
Cast which spell? (? or * to list)
Aiming: Magic Dart
Press: ? - help, Shift-Dir - straight line, f/p - kobold
Aim: a kobold, wielding a short sword (severely wounded)
The magic dart hits the kobold.
You kill the kobold!
The kobold shouts!
Cast which spell? (? or * to list)
Aiming: Magic Dart
Press: ? - help, Shift-Dir - straight line, f - kobold
Aim: a kobold, wielding a whip (hasn't noticed you)
The magic dart hits the kobold.
The kobold shouts!
The kobold throws a stone.
The stone completely misses you. The kobold hits you with a whip.
Ouch! That really hurt!
You die...

#####.#.#....#.#####.#
!......)#............#
#####...####.#.#######
.............#.#
######..####.#.#
#####..#..#.#.#
.......>...#.#.# .
##########.#(#.# ...
#........@.#.#
....K###.#......K.#.#
........)##########
.......K..(....
........#######
......... .........
###....... #####...


You could see a kobold.

Action                   || total
-------------------------++-------
 Cast: Magic Dart        ||     9

Notes
Turn   | Place    | Note
--------------------------------------------------------------
     0 | D:1      | Duffy the Felid Conjurer began the quest for the Orb.
     0 | D:1      | Reached XP level 1. HP: 7/7 MP: 4/4
   122 | D:1      | Slain by a kobold

Vault maps used:
D:1:      dpeg_arrival_tiny_f

Vanquished Creatures
  A goblin
  2 kobolds
3 creatures vanquished.
